 Dungeon Crawl Stone Soup version 0.29.1-1-gd02db6906a (webtiles) character file.

Game seed: 3728372751355714189

1168 Demigod47 the Basher (level 8, -1/68 HPs)
             Began as a Minotaur Fighter on Oct 14, 2022.
             Slain by an unseen horror (4 damage)
             ... on level 6 of the Dungeon.
             The game lasted 00:08:42 (4849 turns).

Demigod47 the Basher (Minotaur Fighter)             Turns: 4849, Time: 00:08:43

Health: -1/68      AC:  8    Str: 23    XL:     8   Next: 17%
Magic:  7/7        EV: 14    Int:  5    God:
Gold:   274        SH:  4    Dex: 10    Spells: 7/7 levels left

rFire   + + .      SeeInvis .   F - +2 mace (drain)
rCold   . . .      Faith    +   c - +0 buckler
rNeg    . . .      Spirit   .   b - +0 scale mail
rPois   .          Reflect  .   (helmet restricted)
rElec   .          Harm     .   v - +0 cloak
rCorr   .          Rampage  .   (no gloves)
Will    .....                   (no boots)
Stlth   ..........              p - amulet of faith
HPRegen 0.21/turn               i - +4 ring of evasion
MPRegen 0.10/turn               s - ring of protection from fire

@: no status effects
A: horns 2, retaliatory headbutt, fire resistance 1, subdued magic 1
a: no special abilities


You were on level 6 of the Dungeon.
You visited 1 branch of the dungeon, and saw 6 of its levels.

You collected 274 gold pieces.

Inventory:

Hand Weapons
 a - a +0 flail
 F - a +2 mace of draining (weapon)
Armour
 b - a +0 scale mail (worn)
 c - a +0 buckler (worn)
 v - a +0 cloak (worn)
Jewellery
 f - a ring of fire
 i - a +4 ring of evasion (left hand)
 p - an amulet of faith (around neck)
 s - a ring of protection from fire (right hand)
 x - an amulet of magic regeneration
 A - a ring of poison resistance
Wands
 z - a wand of digging (12)
Scrolls
 e - 2 scrolls of torment
 g - a scroll of fear
 j - 2 scrolls of enchant armour
 l - 2 scrolls of amnesia
 n - 2 scrolls of vulnerability
 o - a scroll of magic mapping
 r - a scroll of fog
 w - 2 scrolls of poison
 B - a scroll of silence
 E - a scroll of noise {unknown}
Potions
 d - a potion of might
 h - 4 potions of curing
 k - a potion of ambrosia {unknown}
 m - a potion of invisibility
 q - a potion of haste {unknown}
 t - a potion of attraction {unknown}
 u - 2 potions of flight {unknown}
 C - a potion of lignification {unknown}
 D - a potion of cancellation {unknown}
 G - a potion of heal wounds {unknown}


   Skills:
 + Level 5.0 Fighting
 * Level 9.5 Maces & Flails
 + Level 6.1 Armour
 + Level 1.8 Dodging
 + Level 0.1 Stealth
 + Level 4.7 Shields


You had 7 spell levels left.
You didn't know any spells.
Your spell library was empty.

Dungeon Overview and Level Annotations

Branches:
Dungeon (6/15)             Temple (0/1) D:5

Altars:
Qazlal
Vehumet
Xom
The Shining One

Shops:
D:3 (=*


Innate Abilities, Weirdness & Mutations

You have a pair of horns on your head.
You reflexively headbutt those who attack you in melee.
Your flesh is heat resistant. (rF+)
Your spells are a little easier to cast, but a little less powerful.


Message History

The sky beast flickers out of sight!
Something hits you. Something shocks you.
You completely miss something. Something hits you but does no damage.
You miss something. Your headbutt misses something. Something hits you.
Something shocks you.
You miss something. Your headbutt misses something.
Something hits you but does no damage.
You miss something. You headbutt something.
A sky beast appears from thin air!
Reactivating autopickup.
The sky beast hits you but does no damage.
You hit the sky beast. You drain the sky beast. You headbutt the sky beast!
You kill the sky beast!
Something hits you but does no damage.
Deactivating autopickup; reactivate with Ctrl-A.
Your Fighting skill increases to level 5!
Your Armour skill increases to level 6!
Something hits you.
Items here: ) †††.
There is a strange disturbance nearby!
There is a strange disturbance nearby!
There is a strange disturbance nearby!
Something hits you but does no damage. Something hits you but does no damage.
Something hits you. Something hits you but does no damage. Something hits you.
Items here: ) †††.
Something barely misses you. Something hits you.
* * * LOW HITPOINT WARNING * * *
You enter the shallow water.
Moving in this stuff is going to be slow.
Something hits you.
* * * LOW HITPOINT WARNING * * *
Something hits you!
* * * LOW HITPOINT WARNING * * *
Your unstable footing causes you to fumble your attack.
Something hits you.
* * * LOW HITPOINT WARNING * * *
You closely miss something. Something hits you.
* * * LOW HITPOINT WARNING * * *
You block something's attack. Something hits you.
You die...

......# #..†..# .....#
.+.....# ###+##....#
.#.....##
#...##...####'##.....#
#####...##...##...##..##.#
................[###.###.#
...............~.#○...°#.#
................~#.....#.#
...............{@).._...(#
........##...##..#.....###
..###...##...##.##°....#
## #...##....#.####.###
...........#......#
#...........########
#.....##...## .. ####


There were no monsters in sight!

Vanquished Creatures
  Sigmund (D:4)
  An ice beast (D:4)
  A sky beast (D:6)
  2 ogres
  A phantom (D:5)
  A bullfrog (D:6)
  A howler monkey (D:5)
  5 hounds
  Crazy Yiuf (D:4)
  An orc priest (D:5)
  Ijyb (D:4)
  An iguana (D:5)
  2 orc wizards
  2 gnolls (D:4)
  7 adders
  A shadow imp (D:4)
  2 ufetubi
  2 worms (D:2)
  6 dart slugs
  6 orcs
  6 endoplasms
  3 giant cockroaches
  7 goblins
  5 hobgoblins
  A jackal (D:1)
  3 kobolds
  3 quokkas
  4 ball pythons
  7 bats
  A frilled lizard (D:1)
  5 rats
90 creatures vanquished.

Notes
Turn   | Place    | Note
-------+----------+-------------------------------------------
     0 | D:1      | Demigod47 the Minotaur Fighter began the quest for the Orb.
     0 | D:1      | Reached XP level 1. HP: 19/19 MP: 0/0
   172 | D:1      | Reached XP level 2. HP: 22/27 MP: 1/1
   637 | D:1      | Reached skill level 3 in Maces & Flails
   826 | D:1      | Reached XP level 3. HP: 33/33 MP: 2/2
  1526 | D:2      | Reached skill level 4 in Maces & Flails
  1930 | D:2      | Gained mutation: Your spells are a little easier to cast,
                  | but a little less powerful. [potion of mutation]
  1930 | D:2      | Gained mutation: Your flesh is heat resistant. (rF+)
                  | [potion of mutation]
  2115 | D:3      | Found Tihijy's General Store.
  2131 | D:3      | Reached XP level 4. HP: 36/40 MP: 3/3
  2251 | D:3      | Found Oritahud's Jewellery Shoppe.
  2287 | D:3      | Found a radiant altar of Vehumet.
  2353 | D:3      | Found Teaqu's Antique Weapon Boutique.
  2593 | D:4      | Noticed Sigmund
  2664 | D:4      | Killed Sigmund
  2665 | D:4      | Reached skill level 5 in Maces & Flails
  2665 | D:4      | Reached skill level 5 in Armour
  2665 | D:4      | Reached XP level 5. HP: 37/46 MP: 4/4
  2770 | D:4      | Noticed an ogre
  2777 | D:4      | Killed an ogre
  2778 | D:4      | Reached skill level 6 in Maces & Flails
  2778 | D:4      | Reached XP level 6. HP: 45/52 MP: 5/5
  2876 | D:4      | Found a shimmering altar of Xom.
  2983 | D:4      | Noticed Ijyb
  2997 | D:4      | Killed Ijyb
  3072 | D:4      | Reached skill level 7 in Maces & Flails
  3149 | D:4      | Found a runed translucent door.
  3150 | D:4      | Noticed Crazy Yiuf
  3192 | D:4      | Noticed an ice beast
  3208 | D:4      | Killed an ice beast
  3209 | D:4      | Reached XP level 7. HP: 60/60 MP: 6/6
  3261 | D:4      | Reached skill level 1 in Dodging
  3297 | D:4      | Found a glowing golden altar of the Shining One.
  3487 | D:4      | Killed Crazy Yiuf
  3602 | D:5      | Entered Level 5 of the Dungeon
  3669 | D:5      | Reached skill level 8 in Maces & Flails
  3789 | D:5      | Found a staircase to the Ecumenical Temple.
  4712 | D:6      | Found a stormy altar of Qazlal.
  4733 | D:6      | Reached skill level 9 in Maces & Flails
  4738 | D:6      | Reached XP level 8. HP: 57/67 MP: 7/7
  4839 | D:6      | Reached skill level 5 in Fighting
  4847 | D:6      | HP: 3/68 [something (1)]
  4849 | D:6      | Slain by an unseen horror

Illustrated notes

Levels and vault maps discovered:
D:1:      dpeg_arrival_erosion, layout_basic, st_stairs_13
D:2:      layout_loops_ring, serial_forest, infiniplex_forest_corner_1,
          infiniplex_forest_lined_corner, infiniplex_forest_zigzag_1,
          infiniplex_forest_clump_C, infiniplex_forest_lined_corner,
          infiniplex_forest_lined_2, infiniplex_forest_clump_long,
          infiniplex_forest_corner_1, kennysheep_nondescript
D:3:      layout_rooms, mainiacjoe_overflow_24_doors, serial_shops,
          nicolae_square_shop, shop, shop, grunt_decor_mini_mirrors
D:4:      layout_rooms, tgw_xom, tso_oasis_becter, minmay_hedge_maze,
          uniq_sigmund, uniq_crazy_yiuf_cottage, uniq_ijyb
D:5:      layout_loops_corners, minmay_temple_entry_grid
D:6:      layout_gridville, grunt_qazlal_clouds, mainiacjoe_overflow_boulevard

Skill      XL: |  1  2  3  4  5  6  7  8 |
---------------+-------------------------+-----
Armour         | 4 5 6 |  6.1
Shields        | 4 |  4.7
Maces & Flails | 3 4 5 6 7 9 |  9.5
Fighting       | 4 5 |  5.0
Dodging        | 1 |  1.8
Stealth        | |  0.1

Action                   |  1- 3 |  4- 6 |  7- 9 || total
-------------------------+-------+-------+-------++-------
Melee: Flail             |    91 |    63 |    62 ||   216
       Headbutt          |     8 |    11 |    10 ||    29
       Mace              |       |       |    28 ||    28
  Use: Scroll            |     5 |       |     4 ||     9
       Potion            |     4 |       |       ||     4
Armor: Scale mail        |    30 |    23 |    42 ||    95
Dodge: Dodged            |    66 |    46 |    70 ||   182
Block: Buckler           |    20 |    16 |    16 ||    52
